 Dungeon Crawl Stone Soup version 0.18-a0-1390-gc02854d (webtiles) character file.

35403 dvd the Eclecticist (level 13, -3/68 HPs)
             Began as a Deep Elf Conjurer on Feb 22, 2016.
             Was an Elder of Vehumet.
             Slain by a black mamba (16 damage)
             ... on level 7 of the Lair of Beasts on Feb 23, 2016.
             The game lasted 02:08:39 (22160 turns).

dvd the Eclecticist (Deep Elf Conjurer)            Turns: 22160, Time: 02:08:39

Health: -3/68      AC:  8    Str:  5    XL:     13   Next: 47%
Magic:  23/34      EV: 19    Int: 29    God:    Vehumet [****..]
Gold:   1278       SH:  5    Dex: 15    Spells: 11 memorised, 7 levels left

rFire  . . .     SeeInvis .     g - +7 dagger (holy)
rCold  . . .     Gourm    .     a - +1 robe
rNeg   . . .     Faith    .     (no shield)
rPois  +         Spirit   .     m - +2 helmet {Int+3}
rElec  .         Dismiss  .     E - +0 cloak
rCorr  .         Reflect  +     r - +0 pair of gloves
SustAt .         Harm     .     (no boots)
MR     +....                    V - +5 amulet of reflection
Stlth  ++++++....               u - ring of poison resistance
                                L - ring of wizardry

@: repel missiles, somewhat resistant to hostile enchantments, very stealthy
A: no striking features
a: Renounce Religion


You were on level 7 of the Lair of Beasts.
You worshipped Vehumet.
Vehumet was greatly pleased with you.
You were not hungry.

You visited 2 branches of the dungeon, and saw 17 of its levels.
You also visited: Labyrinth and Volcano.

You collected 1278 gold pieces.

Inventory:

Hand Weapons
 g - a +7 dagger of holy wrath (weapon)
Armour
 a - a +1 robe (worn)
 m - a +2 helmet of intelligence (worn)
 r - a +0 pair of gloves (worn)
 E - a +0 cloak (worn)
Magical Staves
 Y - an uncursed staff of summoning
Jewellery
 u - a ring of poison resistance (right hand)
 C - an uncursed ring of resist corrosion
 G - an uncursed ring of wizardry
 K - an uncursed amulet of magic regeneration
 L - a ring of wizardry (left hand)
 R - an uncursed ring of protection from cold
 V - a +5 amulet of reflection (around neck)
 W - an uncursed ring of flight
Wands
 j - a wand of iceblast (8/15)
 k - a wand of digging (12/24)
 l - a wand of flame (37/48)
 x - a wand of iceblast (11/15)
 y - a wand of flame (31/48)
 B - a wand of iceblast (2/15)
 H - a wand of acid (2/15)
 I - a wand of acid (9/15)
 N - a wand of acid (7/15)
 Q - a wand of disintegration (7/24)
 U - a wand of digging (10/24)
 Z - a wand of confusion (23/48)
Scrolls
 e - 10 scrolls of identify
 h - 6 scrolls of recharging
 n - 3 scrolls of teleportation
 p - 3 scrolls of enchant armour
 F - 3 scrolls of fog
 M - 3 scrolls of remove curse
 P - a scroll of blinking
Potions
 f - 6 potions of curing
 v - a potion of agility
 w - 5 potions of flight
 D - 3 potions of resistance
 T - a potion of heal wounds
 X - a potion of brilliance
Books
 b - a book of Conjurations

   Spells                             Type                      Level
   a - Magic Dart                     Conjuration                  1
   b - Searing Ray                    Conjuration                  2
   c - Dazzling Spray                 Conjuration/Hexes            3
   d - Fulminant Prism                Conjuration/Hexes            4
   e - Iskenderun's Mystic Blast      Conjuration                  4
   f - Iskenderun's Battlesphere      Conjuration/Charms           5
 d - a book of Frost

   Spells                             Type                      Level
   a - Freeze                         Ice                          1
   b - Throw Frost                    Conjuration/Ice              2
   c - Ozocubu's Armour               Charms/Ice                   3
   d - Throw Icicle                   Conjuration/Ice              4
   e - Summon Ice Beast               Ice/Summoning                4
 q - a book of Dreams

   Spells                             Type                      Level
   a - Ensorcelled Hibernation        Hexes/Ice                    2
   b - Silence                        Hexes/Air                    5
   c - Darkness                       Hexes                        6
   d - Mass Confusion                 Hexes                        6
   e - Shadow Creatures               Summoning                    6
 t - a book of Minor Magic

   Spells                             Type                      Level
   a - Magic Dart                     Conjuration                  1
   b - Blink                          Translocation                2
   c - Call Imp                       Summoning                    2
   d - Repel Missiles                 Charms/Air                   2
   e - Slow                           Hexes                        2
   f - Conjure Flame                  Conjuration/Fire             3
   g - Mephitic Cloud                 Conjuration/Poison/Air       3
 z - the Tome of Snow
   (You found it on level 8 of the Dungeon)

   Spells                             Type                      Level
   a - Throw Frost                    Conjuration/Ice              2
   b - Ozocubu's Armour               Charms/Ice                   3
   c - Metabolic Englaciation         Hexes/Ice                    5
 O - an Akashic Record

   Spells                             Type                      Level
   a - Dispersal                      Translocation                6
   b - Malign Gateway                 Summoning/Translocation      7
   c - Disjunction                    Translocation                8
   d - Controlled Blink               Translocation                8
 S - a book of Unlife

   Spells                             Type                      Level
   a - Recall                         Summoning/Translocation      3
   b - Animate Dead                   Necromancy                   4
   c - Control Undead                 Necromancy                   4
   d - Cigotuvi's Embrace             Necromancy                   5
   e - Death Channel                  Necromancy                   6
   f - Simulacrum                     Ice/Necromancy               6
Comestibles
 c - 14 bread rations
 i - 23 fruits
 o - 9 slices of pizza
 s - 4 meat rations
 A - 3 chunks of flesh
 J - 12 royal jellies


   Skills:
 + Level 3.3 Fighting
 + Level 3.2 Short Blades
 + Level 10.7 Dodging
 + Level 13.1 Stealth
 + Level 15.0 Spellcasting
 + Level 10.7 Conjurations
 + Level 7.1 Hexes
 + Level 5.9 Charms
 + Level 3.0 Translocations
 + Level 8.5 Ice Magic
 + Level 0.6 Air Magic
   Level 1.2 Poison Magic
 + Level 1.0 Evocations


You had 7 spell levels left.
You knew the following spells:

 Your Spells              Type           Power        Failure   Level  Hunger
a - Magic Dart            Conj           ####         1%          1    None
b - Searing Ray           Conj           ######       1%          2    None
c - Mass Confusion        Hex            ######....   9%          6    ###....
d - Iskenderun's Mystic   Conj           ######..     1%          4    None
e - Repel Missiles        Chrm/Air       #####.       1%          2    None
h - Ozocubu's Armour      Chrm/Ice       ######..     1%          3    None
i - Iskenderun's Battles  Conj/Chrm      ######..     1%          5    None
j - Ensorcelled Hibernat  Hex/Ice        ######       1%          2    None
k - Blink                 Tloc           N/A          1%          2    None
l - Throw Icicle          Conj/Ice       ######..     1%          4    None
m - Fulminant Prism       Conj/Hex       ######....   1%          4    None


Dungeon Overview and Level Annotations

Branches:
Dungeon (10/15)            Temple (0/1) D:6            Lair (7/8) D:10
 Shoals (0/4) Lair:4        Snake (0/4) Lair:5          Orc (0/2) D:9
  Slime: Lair:6-8

Altars:
Ashenzari
Elyvilon
Gozag
Kikubaaqudgha
Makhleb
Okawaru
Qazlal
Sif Muna
Vehumet
Yredelemnul


Message History

Press: ? - help, Shift-Dir - straight line, f - black mamba, p - black mamba
Aim: a black mamba (moderately wounded)
The orb of energy hits the black mamba.
The black mamba is heavily wounded.
The black mamba misses you. x2; You block the black mamba's attack. x2
The black mamba bites you! You block the black mamba's attack.
Unknown command.
Casting: Iskenderun's Mystic Blast
Confirm with . or Enter, or press ? or * to list all spells.
Aiming: Iskenderun's Mystic Blast
Press: ? - help, Shift-Dir - straight line, f/p - black mamba
Aim: a black mamba (heavily wounded)
The orb of energy misses the black mamba.
The black mamba bites you! The black mamba closely misses you.
The black mamba bites you!!
* * * LOW HITPOINT WARNING * * *
The black mamba misses you.
Unknown command.
The black mamba bites you!
You die...

...........##
............#
....##......#
......#.....# ####
.#...#......# #$.#
.##P#.......# #..#
#####.......####S$#
.#
#..#......#$S.#.S.#
###.....#.##@S..#
##....#...#.###
#.P..#.....#
#.#..##..###
#....##..#
.....###.# . ....
#.# ###


You could see 3 black mambas and a water moccasin.

Vanquished Creatures
  A minotaur (Lab)
  A hydra (Lair:1)
  Sonja (Lair:3)
  A griffon (Lair:2)
  An oklob plant (Lair:3)
  An ugly thing (Volcano)
  8 black mambas
  19 elephants (Lair:5)
  A molten gargoyle (Volcano)
  8 spiny frogs
  3 komodo dragons
  A fire drake (D:10)
  A queen bee (Lair:6)
  The ghost of dvd the Poker, an amateur MfGl of Makhleb (D:4)
  16 blink frogs
  A slime creature (D:8)
  A vampire (D:9)
  2 redbacks (Lab)
  19 yaks
  A human (D:9)
  7 hippogriffs
  2 basilisks
  A hungry ghost (D:7)
  2 fire elementals (Volcano)
  A warg (D:9)
  16 wolves
  10 water moccasins
  6 porcupines
  2 orc warriors (D:9)
  A phantom (D:6)
  3 black bears
  8 ogres
  A sky beast (D:7)
  2 necrophages
  10 crocodiles
  2 centaurs
  A gnoll sergeant (D:5)
  10 giant frogs
  A wyvern zombie (D:7)
  24 killer bees (Lair:6)
  14 wights
  7 electric eels (D:8)
  5 lava snakes (Volcano)
  7 crimson imps
  2 centaur zombies (D:6)
  9 jellies (D:8)
  A centaur skeleton (D:7)
  3 orc priests
  3 gnoll shamans
  4 hounds
  A giant frog skeleton (D:8)
  5 iguanas
  Ijyb (D:3)
  9 orc wizards
  7 worker ants
  A hound skeleton (D:4)
  2 hound zombies
  42 gnolls
  15 adders
  27 river rats (Lair:2)
  2 shadow imps
  13 oozes
  An adder zombie (D:8)
  2 adder skeletons
  3 worms
  A dart slug (D:3)
  5 giant geckos
  28 orcs
  2 ball pythons (D:3)
  5 bats
  A giant cockroach (D:2)
  2 gnoll zombies (D:5)
  6 goblins
  9 hobgoblins
  24 jackals
  6 kobolds
  7 quokkas
  3 giant newts
  A quokka zombie (D:5)
  5 rats
  A plant (Lair:3)
490 creatures vanquished.

Vanquished Creatures (others)
  4 bushes (Lair:2)
  11 fulminant prisms
  50 fungi
  25 plants
90 creatures vanquished.

Grand Total: 580 creatures vanquished

Notes
Turn   | Place    | Note
--------------------------------------------------------------
     0 | D:1      | dvd the Deep Elf Conjurer began the quest for the Orb.
     0 | D:1      | Reached XP level 1. HP: 10/10 MP: 6/6
   702 | D:2      | Reached XP level 2. HP: 15/15 MP: 4/8
   794 | D:2      | Learned a level 2 spell: Searing Ray
   995 | D:2      | Reached XP level 3. HP: 19/19 MP: 5/10
  1071 | D:2      | Reached skill level 5 in Conjurations
  1561 | D:2      | Learned a level 3 spell: Dazzling Spray
  1664 | D:2      | Reached XP level 4. HP: 16/24 MP: 5/11
  1669 | D:2      | Reached skill level 4 in Spellcasting
  1950 | D:3      | Learned a level 4 spell: Iskenderun's Mystic Blast
  2014 | D:3      | Noticed an ogre
  2043 | D:3      | Killed an ogre
  2043 | D:3      | Reached XP level 5. HP: 28/28 MP: 1/14
  2168 | D:3      | Learned a level 2 spell: Repel Missiles
  2191 | D:3      | Noticed Ijyb
  2204 | D:3      | Killed Ijyb
  2419 | D:3      | Learned a level 1 spell: Magic Dart
  2450 | D:3      | Reached XP level 6. HP: 32/32 MP: 11/15
  2668 | D:4      | Reached skill level 5 in Spellcasting
  2710 | D:4      | Noticed dvd's ghost (amateur MfGl)
  2992 | D:4      | Found a shattered altar of Ashenzari.
  3700 | D:4      | Reached XP level 7. HP: 36/36 MP: 10/17
  3863 | D:4      | Found an opulent altar of Gozag.
  3873 | D:4      | Found an ancient bone altar of Kikubaaqudgha.
  3875 | D:4      | Found a white marble altar of Elyvilon.
  3875 | D:4      | Found an iron altar of Okawaru.
  3875 | D:4      | Found a stormy altar of Qazlal.
  3876 | D:4      | Found a radiant altar of Vehumet.
  3878 | D:4      | Found a deep blue altar of Sif Muna.
  3897 | D:4      | Became a worshipper of Vehumet
  4177 | D:4      | Reached skill level 5 in Stealth
  4177 | D:4      | Reached skill level 6 in Spellcasting
  4382 | D:5      | Entered Level 5 of the Dungeon
  4399 | D:5      | Learned a level 2 spell: Throw Frost
  4433 | D:5      | Reached skill level 5 in Dodging
  4834 | D:5      | Reached * piety under Vehumet
  4834 | D:5      | Offered knowledge of Sting by Vehumet.
  4834 | D:5      | Reached XP level 8. HP: 41/41 MP: 10/19
  4838 | D:5      | Learned a level 1 spell: Sting
  5057 | D:5      | Reached skill level 1 in Short Blades
  5352 | D:5      | Reached skill level 7 in Spellcasting
  5770 | D:5      | Offered knowledge of Sandblast by Vehumet.
  5771 | D:5      | Reached ** piety under Vehumet
  6024 | D:5      | Learned a level 3 spell: Ozocubu's Armour
  6111 | D:5      | Found a basalt altar of Yredelemnul.
  6146 | D:6      | Found a staircase to the Ecumenical Temple.
  6484 | D:6      | Reached skill level 8 in Spellcasting
  6487 | D:6      | Reached skill level 1 in Hexes
  6487 | D:6      | Reached XP level 9. HP: 29/46 MP: 12/23
  6489 | D:6      | Reached skill level 1 in Charms
  6666 | D:6      | Reached skill level 1 in Poison Magic
  6683 | D:6      | Offered knowledge of Inner Flame by Vehumet.
  6715 | D:6      | Learned a level 5 spell: Iskenderun's Battlesphere
  7471 | D:7      | Reached skill level 1 in Fighting
  7672 | D:7      | Reached skill level 1 in Ice Magic
  7677 | D:7      | Reached *** piety under Vehumet
  8303 | D:4      | Killed dvd's ghost
  8303 | D:4      | Reached skill level 9 in Spellcasting
  8471 | D:8      | Learned a level 2 spell: Ensorcelled Hibernation
  8561 | D:8      | Offered knowledge of Ignite Poison by Vehumet.
  8864 | D:8      | Reached XP level 10. HP: 47/53 MP: 4/25
  9043 | D:8      | Identified the Tome of Snow
  9052 | D:8      | Learned a level 2 spell: Blink
  9246 | D:8      | Reached **** piety under Vehumet
  9255 | D:8      | Offered knowledge of Sticky Flame by Vehumet.
  9707 | D:8      | Reached skill level 10 in Spellcasting
 10228 | D:9      | Found a staircase to the Orcish Mines.
 10327 | D:9      | Reached skill level 1 in Translocations
 10601 | D:9      | Reached ***** piety under Vehumet
 10697 | D:9      | Offered knowledge of Spellforged Servitor by Vehumet.
 11083 | D:10     | Entered Level 10 of the Dungeon
 11084 | D:10     | Found a staircase to the Lair.
 11512 | D:10     | Reached skill level 11 in Spellcasting
 11683 | Lair:1   | Entered Level 1 of the Lair of Beasts
 12075 | Lair:1   | Noticed a spiny frog
 12085 | Lair:1   | Killed a spiny frog
 12097 | Lair:1   | Found a basalt altar of Yredelemnul.
 12281 | Lair:1   | Reached XP level 11. HP: 57/57 MP: 26/28
 12294 | Lair:1   | Learned a level 4 spell: Throw Icicle
 12375 | Lair:1   | Noticed an eight-headed hydra
 12384 | Lair:1   | Killed an eight-headed hydra
 12679 | Lair:2   | Found a dark tunnel.
 12689 | Volcano  | Entered a volcano
 12779 | Volcano  | Noticed a red ugly thing
 12795 | Volcano  | Killed a red ugly thing
 12795 | Volcano  | Reached skill level 12 in Spellcasting
 12807 | Volcano  | Reached skill level 5 in Ice Magic
 13033 | Volcano  | Found a bloodstained altar of Trog.
 13109 | Volcano  | Found a bloodstained altar of Trog.
 13672 | Lair:2   | Reached skill level 10 in Stealth
 14342 | Lair:2   | Noticed a griffon
 14375 | Lair:2   | Offered knowledge of Delayed Fireball by Vehumet.
 14548 | Lair:2   | Reached skill level 5 in Hexes
 14573 | Lair:2   | Learned a level 4 spell: Fulminant Prism
 14587 | Lair:2   | Reached skill level 5 in Charms
 14604 | Lair:2   | Reached skill level 13 in Spellcasting
 14668 | Lair:2   | Reached XP level 12. HP: 57/63 MP: 24/31
 15298 | Lair:2   | Reached skill level 10 in Conjurations
 15648 | Lair:3   | Noticed Sonja
 15652 | Lair:3   | Killed Sonja
 16139 | Lair:4   | Found a labyrinth entrance.
 16155 | Lab      | Entered a labyrinth
 17582 | Lab      | Noticed a minotaur
 17594 | Lab      | Killed a minotaur
 18387 | Lair:4   | Found a staircase to the Shoals.
 19016 | Lair:5   | Reached skill level 14 in Spellcasting
 19141 | Lair:5   | Reached skill level 10 in Dodging
 19475 | Lair:5   | Reached XP level 13. HP: 54/68 MP: 25/33
 19996 | Lair:5   | Found a staircase to the Snake Pit.
 20854 | Lair:6   | Found a burning altar of Makhleb.
 21301 | Lair:6   | Reached skill level 15 in Spellcasting
 21452 | Lair:6   | Gained mutation: Your system is resistant to poisons. [potion of mutation]
 21452 | Lair:6   | Gained mutation: You have a beak for a mouth. [potion of mutation]
 21452 | Lair:6   | Gained mutation: You are clumsy. (Dex -2) [potion of mutation]
 21930 | Lair:6   | Lost mutation: You have a beak for a mouth. [potion of cure mutation]
 21930 | Lair:6   | Lost mutation: You are clumsy. (Dex -2) [potion of cure mutation]
 21930 | Lair:6   | Lost mutation: Your system is resistant to poisons. [potion of cure mutation]
 21966 | Lair:7   | Reached skill level 1 in Evocations
 22115 | Lair:7   | Learned a level 6 spell: Mass Confusion
 22160 | Lair:7   | Slain by a black mamba

Vault maps used:
D:1:      roderic_crop_circles_arrival_small, minmay_misc_feat_columns
D:3:      uniq_iyjb
D:4:      minitemple, nicolae_ashenzari_panopticon
D:5:      lemuel_castle_with_subvaults, lemuel_zombie_altar_yredelemnul,
          first_bread
D:6:      temple_green
D:8:      lemuel_slime, serial_bayou, serial_bayou_shore_a,
          serial_bayou_lagoon_a, serial_bayou_pond_a, serial_bayou_lake_a
D:9:      erik_orc_3, grunt_pizzeria
D:10:     minmay_lair_entry_lava
Lair:1:   basic_altar, minivault_19
Lair:2:   nicolae_volcano_entry_hallway, minmay_hedge_maze
Lair:3:   minmay_lair_oklob_chamber, uniq_sonja
Lair:4:   shoals_dummy_entry, lab_entry_generic, grunt_forest_large_clearings
Lair:5:   mu_elephants_graveyard, st_stairs_4, lemuel_fruit_fields
Lair:6:   basic_altar
Lair:7:   beast_lair_carwin_large_3, slime_altar_1, minmay_lair_oklob_bushes
Lab:      labyrinth_mini_lab, nicolae_lab_checkerboard, nicolae_lab_do_over,
          labyrinth_skeletal_remains, nicolae_lab_big_swirl
Volcano:  volcano_grotto

Skill      XL: |  1  2  3  4  5  6  7  8  9 10 11 12 13 |
---------------+----------------------------------------+-----
Conjurations   | 5 6 7 8 9 10 | 10.7
Stealth        | 3 4 6 8 9 11 12 13 | 13.1
Dodging        | 3 4 5 7 8 9 10 | 10.7
Spellcasting   | 4 5 6 8 9 11 13 14 15 | 15.0
Short Blades   | 1 2 3 |  3.2
Hexes          | 1 3 5 6 7 |  7.1
Charms         | 2 4 5 |  5.9
Poison Magic   | 1 |  1.2
Fighting       | 1 2 3 |  3.3
Ice Magic      | 2 4 6 7 8 |  8.5
Translocations | 1 2 3 |  3.0
Evocations     | 1 |  1.0
Air Magic      | |  0.6

Action                   |  1- 3 |  4- 6 |  7- 9 | 10-12 | 13-15 || total
-------------------------+-------+-------+-------+-------+-------++-------
Melee: Dagger            |     8 |    21 |   129 |   147 |    36 ||   341
 Cast: Magic Dart        |    35 |    22 |    18 |     6 |       ||    81
       Searing Ray       |     9 |    21 |    63 |    68 |     5 ||   166
       Dazzling Spray    |     1 |     3 |     8 |     9 |       ||    21
       Iskenderun's Myst |       |     4 |    15 |    19 |    16 ||    54
       Repel Missiles    |       |     1 |       |     1 |     1 ||     3
       Throw Frost       |       |       |    15 |    26 |       ||    41
       Sting             |       |       |    11 |     4 |       ||    15
       Ozocubu's Armour  |       |       |    11 |    25 |     7 ||    43
       Ensorcelled Hiber |       |       |     7 |   114 |    38 ||   159
       Iskenderun's Batt |       |       |     4 |    16 |       ||    20
       Blink             |       |       |       |    25 |       ||    25
       Throw Icicle      |       |       |       |    52 |    41 ||    93
       Fulminant Prism   |       |       |       |    10 |     1 ||    11
Evoke: Wand              |       |       |       |     7 |     4 ||    11
  Use: Scroll            |     8 |     5 |     6 |    13 |     4 ||    36
       Potion            |     1 |     1 |     9 |     8 |     4 ||    23
 Stab: Sleeping          |     3 |     6 |    16 |    95 |    25 ||   145
       Invisible         |       |       |     1 |       |       ||     1
  Eat: Chunk             |     2 |     6 |    16 |    18 |     7 ||    49
       Beef jerky        |       |     1 |       |     1 |       ||     2
       Royal jelly       |       |       |     1 |     1 |       ||     2
       Meat ration       |       |       |       |     2 |       ||     2
       Pizza             |       |       |       |     2 |     1 ||     3
